 Dungeon Crawl Stone Soup version 0.27.0-1-g7a089689b8 (webtiles) character file.

Game seed: 12887978017209168964

501 horus123 the Conjurer (level 6, -8/32 HPs)
             Began as a Deep Elf Conjurer on Aug 16, 2021.
             Engulfed by a steam dragon's steam (15 damage)
             ... on level 4 of the Dungeon.
             The game lasted 00:07:22 (3570 turns).

horus123 the Conjurer (Deep Elf Conjurer)           Turns: 3570, Time: 00:07:22

Health: -8/32      AC:  3    Str:  4    XL:     6   Next: 95%
Magic:  0/15       EV: 13    Int: 25    God:
Gold:   112        SH:  0    Dex: 19    Spells: 4/15 levels left

rFire    x . .     SeeInvis .   b - staff of conjuration
rCold    + . .     Faith    .   (no shield)
rNeg     . . .     Spirit   .   a - +0 robe
rPois    .         Reflect  .   (no helmet)
rElec    .         Harm     .   j - +0 cloak
rCorr    .         Rampage  .   (no gloves)
Will     .....                  (no boots)
Stlth    +++.......             (no amulet)
HPRegen  0.10/turn              f - +6 ring of dexterity
MPRegen  0.14/turn              c - ring of ice

@: no status effects
A: no striking features
a: no special abilities


You were on level 4 of the Dungeon.
You visited 1 branch of the dungeon, and saw 4 of its levels.

You collected 112 gold pieces.

Inventory:

Hand Weapons
 d - a +3 mace of holy wrath
Armour
 a - a +0 robe (worn)
 e - a +2 leather armour of fire resistance
 j - a +0 cloak (worn)
Magical Staves
 b - a staff of conjuration (weapon)
Jewellery
 c - a ring of ice (right hand)
 f - a +6 ring of dexterity (left hand)
Scrolls
 g - 2 scrolls of immolation
 k - a scroll of noise
Potions
 h - 2 potions of mutation {unknown}
 i - 2 potions of curing {unknown}
 l - a potion of invisibility {unknown}
 m - a potion of degeneration {unknown}


   Skills:
 + Level 0.1 Armour
 + Level 3.1 Dodging
 + Level 3.2 Stealth
 + Level 5.0 Spellcasting
 * Level 7.5 Conjurations
 * Level 2.6 Hexes
 * Level 0.9 Ice Magic


You had 4 spell levels left.
You knew the following spells:

 Your Spells              Type           Power      Damage    Failure   Level
a - Magic Dart            Conj           100%       1d8       1%          1
b - Searing Ray           Conj           100%       3d7       1%          2
c - Hailstorm             Conj/Ice       58%        3d13      14%         4
d - Fulminant Prism       Conj/Hex       23%        3d13      10%         4

Your spell library contained the following spells:

 Spells                   Type           Power      Damage    Failure   Level
 Dazzling Flash           Conj/Hex       94%        N/A       3%          3
 Portal Projectile        Hex/Tloc       24%        N/A       14%         3
 Iskenderun's Mystic Bla  Conj/Tloc      37%        2d9       17%         4
 Call Canine Familiar     Summ           6%         N/A       24%         3
 Leda's Liquefaction      Hex/Erth       6%         N/A       43%         4
 Ice Form                 Ice/Tmut       13%        N/A       56%         4
 Simulacrum               Ice/Necr       6%         N/A       100%        6


Dungeon Overview and Level Annotations

Branches:
Dungeon (4/15)
 Temple: D:4-7

Altars:
Dithmenos
Gozag
Ru

Shops:
D:1 [


Message History

Press: ? - help, Shift-Dir - straight line, f - hound
Aim: a hound (wandering, hasn't noticed you, 76% to hit)
You feel a surge of power!
The searing ray hits the hound!
The hound is severely wounded. (Press . to maintain the ray.)
The hound bites you. The hound barely misses you.
A worm comes into view.
The searing ray misses the hound.
The hound misses you.
The searing ray hits the hound!
You kill the hound!
Your Spellcasting skill increases to level 5!
Found a crude glaive.
You see here 10 gold pieces.
You now have 112 gold pieces (gained 10).
Casting: Searing Ray (safe; 1% risk of failure)
Confirm with . or Enter, or press ? or * to list all spells.
Aiming: Searing Ray (safe; 1% risk of failure)
Press: ? - help, Shift-Dir - straight line, f - steam dragon
Aim: a steam dragon (83% to hit)
You feel a surge of power!
The searing ray hits the steam dragon!
The steam dragon is moderately wounded. (Press . to maintain the ray.)
The steam dragon misses you. The steam dragon claws you.
The searing ray hits the steam dragon!
The steam dragon is severely wounded.
The steam dragon closely misses you. x2
The searing ray hits the steam dragon.
The steam dragon is almost dead.
The steam dragon bites you. The steam dragon closely misses you.
Without enough magic to sustain it, your searing ray dissipates.
The steam dragon breathes steam at you. The ball of steam misses you.
You are engulfed in a cloud of scalding steam.
* * * LOW HITPOINT WARNING * * *
The steam dragon barely misses you.
The steam dragon claws you but does no damage.
You barely miss the steam dragon.
The steam dragon is almost dead.
You are engulfed in a cloud of scalding steam.
You die...

#)
..#.#.†#.##......#
# ####
#......######### #
#.. #......# #
#.wZ#.#..#.# #
.Z#......#
######'## .#...†.#
#.#.#.# #@)...#
#....D.#.#.#
######.....#
#######


You could see a steam dragon (catching breath).

Vanquished Creatures
  Grinder (D:3)
  A black bear (D:4)
  A scorpion (D:4)
  2 hounds
  Terence (D:3)
  A worm (D:3)
  2 dart slugs
  An orc (D:3)
  4 endoplasms
  10 giant cockroaches
  8 goblins
  3 hobgoblins
  4 jackals
  7 kobolds
  3 quokkas (D:3)
  2 ball pythons
  2 bats
  4 frilled lizards
  A rat (D:3)
58 creatures vanquished.

Notes
Turn   | Place    | Note
-------+----------+-------------------------------------------
     0 | D:1      | horus123 the Deep Elf Conjurer began the quest for the Orb.
     0 | D:1      | Reached XP level 1. HP: 10/10 MP: 6/6
   118 | D:1      | Identified 2 scrolls of acquirement
   118 | D:1      | Acquired a staff of conjuration
   119 | D:1      | Acquired a book of the Tundra
   302 | D:1      | Reached XP level 2. HP: 12/15 MP: 1/8
   465 | D:1      | Learned a level 2 spell: Searing Ray
   503 | D:1      | Found a faded altar of an unknown god.
   680 | D:1      | Found Wecloexy's Antique Armour Boutique.
   847 | D:2      | Reached skill level 5 in Conjurations
   979 | D:2      | Reached XP level 3. HP: 17/19 MP: 2/9
   983 | D:2      | Learned a level 3 spell: Dazzling Flash
  1935 | D:3      | Reached XP level 4. HP: 24/24 MP: 8/11
  2014 | D:3      | Found a sacrificial altar of Ru.
  2031 | D:3      | Noticed Grinder
  2035 | D:3      | Paralysed by Grinder for 3 turns
  2048 | D:3      | Killed Grinder
  2049 | D:3      | Reached skill level 6 in Conjurations
  2049 | D:3      | Reached XP level 5. HP: 2/28 MP: 0/13
  2049 | D:3      | Reached XP level 6. HP: 3/32 MP: 0/14
  2344 | D:3      | Learned a level 4 spell: Fulminant Prism
  2349 | D:3      | Found a shadowy altar of Dithmenos.
  2474 | D:3      | Noticed Terence
  2481 | D:3      | Killed Terence
  2482 | D:3      | Reached skill level 7 in Conjurations
  2672 | D:3      | Learned a level 4 spell: Hailstorm
  3336 | D:3      | Found an opulent altar of Gozag.
  3557 | D:4      | Noticed a steam dragon
  3561 | D:4      | Reached skill level 5 in Spellcasting
  3570 | D:4      | Engulfed by a steam dragon's steam

Illustrated notes

Levels and vault maps discovered:
D:1:      erik_arrival_triangle_medium, layout_loops_ring,
          basic_ecumenical_altar, serial_shops, shop
D:2:      layout_basic
D:3:      layout_basic, mainiacjoe_overflow_catch_the_wave,
          lemuel_crystal_altar, gup_sewer_entry_spiral, grunt_ministairs_6,
          uniq_terence, uniq_grinder
D:4:      minmay_clustersquares, layout_basic, uniq_edmund

Skill      XL: |  1  2  3  4  5  6 |
---------------+-------------------+-----
Conjurations   | 5 6 7 |  7.5
Dodging        | 3 |  3.1
Stealth        | 3 |  3.2
Spellcasting   | 4 5 |  5.0
Hexes          | 2 |  2.6
Armour         | |  0.1
Ice Magic      | |  0.9

Action                   |  1- 3 |  4- 6 || total
-------------------------+-------+-------++-------
Melee: Staff             |       |     1 ||     1
 Cast: Magic Dart        |    58 |    53 ||   111
       Searing Ray       |     1 |    12 ||    13
  Use: Scroll            |     2 |     5 ||     7
Armor: Robe              |     2 |     2 ||     4
Dodge: Dodged            |     5 |    12 ||    17
